 Dungeon Crawl Stone Soup version 0.19-a0-1268-g6c5d9f8 (webtiles) character file.

964 zxpr0jk the Frost Mage (level 7, -2/50 HPs)
             Began as a Yellow Draconian Ice Elementalist on Aug 29, 2016.
             Slain by a giant frog (5 damage)
             ... on level 8 of the Dungeon.
             The game lasted 00:13:58 (5134 turns).

zxpr0jk the Frost Mage (DrIE)                       Turns: 5134, Time: 00:13:58

Health: -2/50      AC: 19    Str: 11    XL:     7   Next: 93%
Magic:  14/23      EV: 17    Int: 15    God:
Gold:   270        SH:  0    Dex: 18    Spells: 2 memorised, 12 levels left

rFire  . . .     SeeInvis .     w - +3 flail (protect)
rCold  . . .     Gourm    .     (armour unavailable)
rNeg   . . .     Faith    .     (no shield)
rPois  .         Spirit   .     (helmet restricted)
rElec  .         Dismiss  .     g - +0 cloak
rCorr  +         Reflect  .     v - +0 pair of gloves
MR     .....     Harm     .     (no boots)
Stlth  +++.......               (no amulet)
                                (no ring)
                                o - ring of magical power

@: agile, icy armour, short of breath, very slightly contaminated, hasted, very
quick
A: spit acid, acid resistance, unfitting armour, cold-blooded, AC +6
a: Spit Acid


You were on level 8 of the Dungeon.
You were hungry.

You visited 1 branch of the dungeon, and saw 6 of its levels.

You collected 270 gold pieces.

Inventory:

Hand Weapons
 w - a +3 flail of protection (weapon)
Missiles
 c - a throwing net
 d - 16 poisoned needles
 e - 128 stones (quivered)
Armour
 g - a +0 cloak (worn)
 v - a +0 pair of gloves (worn)
Jewellery
 o - a ring of magical power (left hand)
Wands
 x - a wand of enslavement (7/24)
Scrolls
 h - 2 scrolls of amnesia {unknown}
 k - a scroll of blinking {unknown}
 l - 2 scrolls of fear {unknown}
 n - 5 scrolls of identify {unknown}
 y - 2 scrolls of remove curse {unknown}
 z - a scroll of noise {unknown}
Potions
 f - a potion of cure mutation {unknown}
 p - 2 potions of magic
 r - a potion of might {unknown}
 s - a potion of degeneration {unknown}
 B - a potion of ambrosia {unknown}
Books
 a - a book of Frost

   Spells                             Type                      Level
   a - Freeze                         Ice                          1
   b - Throw Frost                    Conjuration/Ice              2
   c - Ozocubu's Armour               Charms/Ice                   3
   d - Throw Icicle                   Conjuration/Ice              4
   e - Summon Ice Beast               Ice/Summoning                4
Comestibles
 b - 3 bread rations
 t - 14 fruits
 u - a beef jerky


   Skills:
 - Level 1.7 Dodging
 - Level 1.7 Stealth
 + Level 5.0 Spellcasting
   Level 1.0 Conjurations
 * Level 8.2 Ice Magic


You had 12 spell levels left.
You knew the following spells:

 Your Spells              Type           Power        Failure   Level  Hunger
a - Freeze                Ice            ####         1%          1    None
b - Ozocubu's Armour      Chrm/Ice       ###.....     12%         3    ###....


Dungeon Overview and Level Annotations

Branches:
Dungeon (5/15)               Lair (0/6) D:8
 Temple: D:4-7

Altars:
Trog
Xom

Shops:
D:4 ?


Innate Abilities, Weirdness & Mutations

You can spit globs of acid.
You are resistant to acid.
Your golden yellow scales are hard. (AC +6)
Your body does not fit into most forms of armour.
You are cold-blooded and may be slowed by cold attacks.


Message History

The acid hits the wolf.
The acid corrodes the wolf!
The wolf is heavily wounded.
You feel somewhat more hungry. The giant frog barely misses you.
Unknown command.
You feel yourself speed up. The giant frog closely misses you.
The giant frog hits you.
* * * LOW HITPOINT WARNING * * *
You are very lightly contaminated with residual magic.
You feel agile all of a sudden. The giant frog hits you!
* * * LOW HITPOINT WARNING * * *
Casting: Freeze
Confirm with . or Enter, or press ? or * to list all spells.
Aiming: Freeze
Press: ? - help, Shift-Dir - straight line, f - giant frog, p - wolf
Aim: a giant frog You freeze the giant frog.
The giant frog is heavily wounded.
The giant frog hits you.
You die...

#### #>.#### #....)
#....### . #.#....#
...####.#h.# #.
........Fhh# # #.
#......@#hh###.# #.
#.#######$h.)..######.##
#....h.≈≈≈≈≈≈.......
#.≈..≈h≈≈≈≈≈≈≈....≈.
#......≈≈≈≈≈≈≈≈≈..≈≈
#..≈≈≈≈h≈≈≈≈≈≈≈≈.≈J.
#..≈≈≈≈≈≈≈≈≈≈≈≈.;≈≈≈
#[...≈≈≈≈.≈≈.≈..≈≈≈≈≈
#..?$≈≈≈≈≈.....≈≈≈≈≈;


You could see 2 wolves, a giant frog and a hound.

Vanquished Creatures
  A wolf (D:8)
  An ogre (D:4)
  A centaur (D:5)
  A scorpion (D:5)
  An electric eel (D:8)
  4 crimson imps (D:4)
  A giant frog zombie (D:3)
  A hound (D:4)
  2 orc priests (D:4)
  2 orc wizards (D:4)
  Crazy Yiuf (D:2)
  Terence (D:2)
  2 iguanas (D:4)
  A worker ant (D:4)
  Natasha (D:2)
  A howler monkey skeleton (D:3)
  A howler monkey zombie (D:5)
  A worker ant zombie (D:5)
  3 gnolls (D:2)
  3 adders
  2 oozes
  A worm (D:2)
  5 dart slugs
  3 giant geckos
  8 orcs
  2 giant cockroaches (D:1)
  4 goblins
  8 hobgoblins
  10 jackals
  6 bats
  A giant gecko skeleton (D:4)
  5 giant newts
  A jackal skeleton (D:4)
  10 kobolds
  6 rats
102 creatures vanquished.

Vanquished Creatures (others)
  A wizard (D:3)
  An orc (D:4)
2 creatures vanquished.

Grand Total: 104 creatures vanquished

Notes
Turn   | Place    | Note
-------+----------+-------------------------------------------
     0 | D:1      | zxpr0jk the Draconian Ice Elementalist began the quest for the Orb.
     0 | D:1      | Reached XP level 1. HP: 14/14 MP: 3/3
   362 | D:1      | Reached XP level 2. HP: 17/20 MP: 5/5
   754 | D:1      | Reached XP level 3. HP: 22/26 MP: 4/6
  1069 | D:1      | Reached skill level 4 in Ice Magic
  1501 | D:2      | Reached XP level 4. HP: 33/33 MP: 5/8
  1615 | D:2      | Found a runed door.
  1648 | D:2      | Learned a level 3 spell: Ozocubu's Armour
  1652 | D:2      | Noticed Crazy Yiuf
  1658 | D:2      | Killed Crazy Yiuf
  2106 | D:2      | Reached XP level 5. HP: 38/38 MP: 9/9
  2135 | D:2      | Reached skill level 5 in Ice Magic
  2318 | D:2      | Noticed Natasha
  2324 | D:2      | Killed Natasha
  2329 | D:2      | You fall through a shaft!
  2382 | D:2      | Noticed Terence
  2395 | D:2      | Killed Terence
  2969 | D:3      | You fall through a shaft for 2 floors!
  2969 | D:5      | Entered Level 5 of the Dungeon
  3143 | D:4      | Reached XP level 6. HP: 45/45 MP: 9/11
  3152 | D:4      | Reached skill level 6 in Ice Magic
  3729 | D:3      | Found a bloodstained altar of Trog.
  3826 | D:3      | Noticed a wizard
  3832 | D:3      | Killed a wizard
  3878 | D:4      | Found Maja's Magic Scroll Shoppe.
  3897 | D:4      | Found a shimmering altar of Xom.
  4172 | D:4      | Your scales start taking on a golden yellow colour.
  4172 | D:4      | Reached XP level 7. HP: 50/50 MP: 13/13
  4182 | D:4      | Reached skill level 7 in Ice Magic
  5113 | D:5      | You fall through a shaft for 3 floors!
  5113 | D:8      | Noticed a troll
  5116 | D:8      | Found a staircase to the Lair.
  5120 | D:8      | Reached skill level 8 in Ice Magic
  5130 | D:8      | Reached skill level 5 in Spellcasting
  5134 | D:8      | Slain by a giant frog

Vault maps used:
D:1:      dpeg_arrival_ternary
D:2:      small_statue_intersection, uniq_crazy_yiuf_cottage, uniq_terence,
          uniq_natasha
D:3:      corexii_shack, trog_wizard
D:4:      serial_shops, shop, led_xom_imps
D:5:      first_bread
D:8:      erik_lair_island

Skill      XL: |  1  2  3  4  5  6  7 |
---------------+----------------------+-----
Ice Magic      | 4 5 6 8 |  8.2
Spellcasting   | 3 4 5 |  5.0
Dodging        | |  1.7
Stealth        | |  1.7
Conjurations   | |  1.0

Action                   |  1- 3 |  4- 6 |  7- 9 || total
-------------------------+-------+-------+-------++-------
Melee: Short sword       |    77 |       |       ||    77
       Tailslap          |     9 |     8 |     3 ||    20
       Spear             |     1 |    11 |       ||    12
       Mace              |       |    29 |       ||    29
       Flail             |       |    99 |    11 ||   110
Throw: Stone             |    18 |    10 |    10 ||    38
 Cast: Freeze            |    28 |    53 |    32 ||   113
       Ozocubu's Armour  |       |    11 |     5 ||    16
 Abil: Spit Acid         |       |       |     3 ||     3
Evoke: Wand              |       |     1 |     1 ||     2
  Use: Potion            |       |     3 |     2 ||     5
       Scroll            |       |     1 |     1 ||     2
 Stab: Sleeping          |     2 |     5 |     1 ||     8
  Eat: Chunk             |     1 |    10 |     3 ||    14
       Beef jerky        |     1 |       |       ||     1
Armor: Skin              |    31 |   114 |    25 ||   170
Dodge: Dodged            |    55 |   173 |    35 ||   263
